[Event "Rated Blitz game"]
[Site "?"]
[Date "2021.01.23"]
[Round "?"]
[White "forbiddencheapos"]
[Black "purepecha1"]
[Result "0-1"]
[ECO "C46"]
[WhiteElo "2345"]
[BlackElo "2414"]
[PlyCount "84"]
[EventDate "2021.??.??"]
[EventType "blitz"]
[TimeControl "300"]

1. e4 e5 2. Nf3 Nc6 3. Nc3 Nf6 4. Nxe5 Nxe5 5. d4 Ng6 6. e5 Ng8 7. Bc4 c6 8.
Qf3 d5 9. exd6 Qf6 10. Qe2+ Kd8 11. Ne4 Qxd4 12. Ng5 Nh6 13. Bxf7 Bxd6 14. Be3
Qxb2 15. Rd1 Kc7 16. Bxg6 hxg6 17. Rxd6 Kxd6 18. Bf4+ Kc5 19. Ne4+ Kb6 20. Be3+
Kc7 21. Bf4+ Kb6 22. Qe3+ Ka6 23. Qd3+ b5 24. Nc5+ Kb6 25. O-O Bf5 26. Qe3 Ng4
27. Na4+ Ka5 28. Nxb2 Nxe3 29. Bxe3 Kb4 30. Nd3+ Bxd3 31. cxd3 Rhd8 32. Rb1+
Ka4 33. Rb3 b4 34. Bc5 a5 35. Kf1 Rd5 36. d4 Re8 37. Rg3 Re6 38. h4 Kb5 39. Rf3
a4 40. Rf7 Rxc5 41. dxc5 b3 42. axb3 axb3 {Time forfeit} 0-1

[Event "Rated Rapid game"]
[Site "?"]
[Date "2021.01.23"]
[Round "?"]
[White "mikripetalouda"]
[Black "spirli"]
[Result "1-0"]
[ECO "C46"]
[WhiteElo "2405"]
[BlackElo "2315"]
[PlyCount "91"]
[EventDate "2021.??.??"]
[EventType "rapid"]
[TimeControl "420+3"]

1. e4 e5 2. Nc3 Nf6 3. Nf3 Nc6 4. Nxe5 Nxe5 5. d4 Ng6 6. e5 Ng8 7. Bc4 Bb4 8.
Qf3 Qe7 9. h4 Nxh4 10. Rxh4 Qxh4 11. Qxf7+ Kd8 12. Qxg7 Qh1+ 13. Ke2 Qh5+ 14.
g4 Qg6 15. Bg5+ Ke8 16. Qxh8 d5 17. Bxd5 Bxg4+ 18. f3 Qxg5 19. Qxg8+ Qxg8 20.
Bxg8 Bxc3 21. bxc3 Bf5 22. Bd5 c6 23. Be4 Bxe4 24. fxe4 Kf7 25. Rf1+ Kg7 26. d5
Re8 27. d6 Rd8 28. c4 c5 29. a4 h5 30. Ke3 h4 31. Rf4 h3 32. Rf1 h2 33. Rh1 Kf7
34. Rxh2 Ke6 35. Rh5 Rg8 36. Kf4 Rg1 37. Rh6+ Kd7 38. Rh7+ Kc6 39. Rc7+ Kb6 40.
e6 Rd1 41. Ke5 a5 42. e7 Rxd6 43. Rxb7+ Ka6 44. Ra7+ Kb6 45. Ra6+ Kxa6 46. Kxd6
{Normal} 1-0

[Event "Rated Blitz game"]
[Site "?"]
[Date "2021.01.23"]
[Round "?"]
[White "highway_star"]
[Black "Babnik"]
[Result "0-1"]
[ECO "C46"]
[WhiteElo "2382"]
[BlackElo "2422"]
[PlyCount "60"]
[EventDate "2021.??.??"]
[EventType "blitz"]
[TimeControl "180"]

1. e4 e5 2. Nf3 Nc6 3. Nc3 Nf6 4. Nxe5 Nxe5 5. d4 Ng6 6. e5 Bb4 7. exf6 Qxf6 8.
Be2 d5 9. O-O c6 10. Be3 O-O 11. Qd2 h6 12. a3 Bd6 13. Rae1 Qh4 14. g3 Qh3 15.
Bf3 Bf5 16. Bg2 Qh5 17. Qe2 Bg4 18. f3 Bd7 19. Qd2 Rfe8 20. Ne2 f5 21. Bf4 Nxf4
22. Nxf4 Qf7 23. Nd3 g5 24. f4 g4 25. Ne5 Qg7 26. c4 dxc4 27. Nxc4 Bc7 28. Ne5
Be6 29. d5 Rad8 30. Qd4 Bb6 {Normal} 0-1

[Event "Rated Blitz game"]
[Site "?"]
[Date "2021.01.22"]
[Round "?"]
[White "GoughPhar"]
[Black "JekkuNaama"]
[Result "0-1"]
[ECO "C46"]
[WhiteElo "2343"]
[BlackElo "2430"]
[PlyCount "46"]
[EventDate "2021.??.??"]
[EventType "blitz"]
[TimeControl "180"]

1. e4 e5 2. Nf3 Nc6 3. Nc3 Nf6 4. Nxe5 Nxe5 5. d4 Ng6 6. e5 Ng8 7. Bc4 d5 8.
Bxd5 c6 9. Bb3 Be6 10. Bxe6 fxe6 11. O-O N8e7 12. Ne4 Nf5 13. Ng5 Qd7 14. c3
Be7 15. Ne4 O-O 16. Qb3 Qd5 17. Qc2 Rad8 18. g3 c5 19. Be3 cxd4 20. cxd4 Nxd4
21. Bxd4 Qxd4 22. Rfd1 Qb6 23. Kg2 Nxe5 {Normal} 0-1

[Event "Rated Blitz tournament OUwNbVWo"]
[Site "?"]
[Date "2021.01.22"]
[Round "?"]
[White "Starinov"]
[Black "jjboupart"]
[Result "1-0"]
[ECO "C46"]
[WhiteElo "2448"]
[BlackElo "2201"]
[PlyCount "35"]
[EventDate "2021.??.??"]
[EventType "blitz"]
[TimeControl "180"]

1. e4 e5 2. Nf3 Nc6 3. Nc3 Nf6 4. Nxe5 Bb4 5. Nxc6 dxc6 6. d3 O-O 7. Be2 h6 8.
O-O Qe7 9. Bf4 Be6 10. Bf3 Rad8 11. Qc1 Bg4 12. Bxg4 Nxg4 13. h3 Nf6 14. Ne2
Nh5 15. Ng3 Qh4 16. Bxc7 Bd6 17. Bxd6 Rxd6 18. Nf5 {Normal} 1-0

[Event "Rated Blitz game"]
[Site "?"]
[Date "2021.01.22"]
[Round "?"]
[White "highway_star"]
[Black "stanleycool"]
[Result "0-1"]
[ECO "C46"]
[WhiteElo "2409"]
[BlackElo "2269"]
[PlyCount "42"]
[EventDate "2021.??.??"]
[EventType "blitz"]
[TimeControl "180"]

1. e4 e5 2. Nf3 Nf6 3. Nc3 Nc6 4. Nxe5 Nxe5 5. d4 Ng6 6. e5 Ng8 7. Bc4 d5 8.
Bxd5 N8e7 9. Bg5 h6 10. Qf3 hxg5 11. Qxf7+ Kd7 12. Qe6+ Ke8 13. Qf7+ Kd7 14.
Ne4 c6 15. Be6+ Kc7 16. O-O-O Bxe6 17. Qxe6 Qd5 18. Qg4 Rh4 19. Qxg5 Rxe4 20.
f4 Rxf4 21. e6 Rxd4 {Normal} 0-1

[Event "Rated Blitz game"]
[Site "?"]
[Date "2021.01.22"]
[Round "?"]
[White "highway_star"]
[Black "stanleycool"]
[Result "1-0"]
[ECO "C46"]
[WhiteElo "2406"]
[BlackElo "2272"]
[PlyCount "75"]
[EventDate "2021.??.??"]
[EventType "blitz"]
[TimeControl "180"]

1. e4 e5 2. Nf3 Nc6 3. Nc3 Nf6 4. Nxe5 Nxe5 5. d4 Ng6 6. e5 Ng8 7. Bc4 d6 8.
Qf3 f6 9. O-O dxe5 10. Re1 Bd6 11. Ne4 N8e7 12. Nxf6+ gxf6 13. Qxf6 Rf8 14. Qg7
exd4 15. Bg5 Bf5 16. Re2 Qd7 17. Rae1 O-O-O 18. Qxh7 Ne5 19. Rxe5 Bxe5 20. Rxe5
Bxh7 21. Rxe7 Rde8 22. Rxd7 Re1+ 23. Bf1 Kxd7 24. g3 Bxc2 25. Kg2 Be4+ 26. Kh3
Bd3 27. Bxd3 Rd1 28. Be2 Re1 29. Bg4+ Kd6 30. f3 Rh8+ 31. Kg2 Re2+ 32. Kf1 Rxb2
33. h4 Kc5 34. Be7+ Kc4 35. Bf6 Kd3 36. Bf5+ Kc3 37. Bxh8 Rxa2 38. h5 {Normal}
1-0

[Event "Rated Blitz game"]
[Site "?"]
[Date "2021.01.22"]
[Round "?"]
[White "Henry940622"]
[Black "MasterOffPuppets"]
[Result "0-1"]
[ECO "C46"]
[WhiteElo "2323"]
[BlackElo "2472"]
[PlyCount "46"]
[EventDate "2021.??.??"]
[EventType "blitz"]
[TimeControl "180"]

1. e4 e5 2. Nf3 Nc6 3. Nc3 Nf6 4. Nxe5 Nxe5 5. d4 Nc6 6. d5 Ne5 7. f4 Bd6 8.
fxe5 Bxe5 9. Be3 Qe7 10. Bd4 c5 11. Bxe5 Qxe5 12. Bd3 d6 13. O-O Ng4 14. g3 Ne3
15. Qf3 Nxf1 16. Rxf1 O-O 17. Nb5 a6 18. Na3 b5 19. c3 Bd7 20. Nc2 Rae8 21. Ne3
f5 22. Nxf5 g6 23. Qg4 Kh8 {Normal} 0-1

[Event "Rated Blitz tournament RBHFAtY8"]
[Site "?"]
[Date "2021.01.22"]
[Round "?"]
[White "Starinov"]
[Black "Parwis"]
[Result "1/2-1/2"]
[ECO "C46"]
[WhiteElo "2438"]
[BlackElo "2509"]
[PlyCount "157"]
[EventDate "2021.??.??"]
[EventType "blitz"]
[TimeControl "180"]

1. e4 e5 2. Nf3 Nf6 3. Nc3 Nc6 4. Nxe5 Nxe5 5. d4 Ng6 6. e5 Ng8 7. Bc4 d5 8.
Bxd5 Bb4 9. Qf3 Qd7 10. Bxb7 Bxb7 11. Qxb7 Bxc3+ 12. bxc3 Rd8 13. O-O N8e7 14.
Qxa7 O-O 15. Qc5 Qd5 16. Qxd5 Nxd5 17. Bd2 Nb6 18. Rfd1 Nc4 19. Be1 c6 20. g3
Ra8 21. f4 Ne7 22. Kf2 Nd5 23. Kf3 f5 24. exf6 Nxf6 25. a4 Rfe8 26. Bf2 Nd5 27.
g4 Nxc3 28. Rd3 Rxa4 29. Rxa4 Nxa4 30. d5 cxd5 31. Rxd5 Nc3 32. Rd7 Ne4 33. Bd4
Nf6 34. Rc7 Nd2+ 35. Kg3 Nde4+ 36. Kh4 Nd6 37. c4 Re4 38. Be5 Nxc4 39. Rc8+ Kf7
40. Rc7+ Ke6 41. Rxg7 Nxe5 42. fxe5 Rxe5 43. Kg3 Re3+ 44. Kf2 Ra3 45. h4 h6 46.
Rg6 Kf7 47. h5 Ra4 48. Kg3 Ra3+ 49. Kh4 Ra4 50. Kh3 Rxg4 51. Rxg4 Nxg4 52. Kxg4
Kf6 53. Kf4 Ke6 54. Ke4 Kf6 55. Kf4 Ke6 56. Kg4 Kf6 57. Kh4 Ke5 58. Kg4 Ke4 59.
Kg3 Kf5 60. Kh4 Kf4 61. Kh3 Kg5 62. Kg3 Kxh5 63. Kh3 Kg5 64. Kg3 h5 65. Kh3 Kg6
66. Kh2 Kh6 67. Kh1 Kg5 68. Kh2 h4 69. Kg2 Kh5 70. Kh3 Kg5 71. Kh2 Kg4 72. Kg2
Kf4 73. Kh2 Kg5 74. Kh3 Kh5 75. Kh2 Kg4 76. Kg2 Kg5 77. Kh2 Kh5 78. Kh1 Kg5 79.
Kh2 {Normal} 1/2-1/2

[Event "Rated Blitz game"]
[Site "?"]
[Date "2021.01.22"]
[Round "?"]
[White "Svato"]
[Black "Jup78"]
[Result "0-1"]
[ECO "C46"]
[WhiteElo "2444"]
[BlackElo "2399"]
[PlyCount "56"]
[EventDate "2021.??.??"]
[EventType "blitz"]
[TimeControl "180"]

1. e4 e5 2. Nf3 Nc6 3. Nc3 Nf6 4. Nxe5 Nxe5 5. d4 Nc6 6. d5 Ne5 7. f4 Ng6 8. e5
Be7 9. d6 cxd6 10. exf6 Bxf6 11. Nd5 O-O 12. Be2 b6 13. Bf3 Ba6 14. Nxf6+ Qxf6
15. Bxa8 Rxa8 16. Kf2 Qh4+ 17. g3 Qh3 18. Qf3 Rb8 19. Qg2 Qf5 20. Re1 Bb7 21.
Qf1 Qxc2+ 22. Kg1 Qc6 23. Kf2 Qf3+ 24. Kg1 Qh1+ 25. Kf2 Qxh2+ 26. Ke3 Qxg3+ 27.
Kd2 Nxf4 28. Re4 Bxe4 {Normal} 0-1

[Event "Rated Blitz game"]
[Site "?"]
[Date "2021.01.21"]
[Round "?"]
[White "Ricardo_Airado"]
[Black "Perfection_Ratee"]
[Result "1-0"]
[ECO "C46"]
[WhiteElo "2256"]
[BlackElo "2405"]
[PlyCount "49"]
[EventDate "2021.??.??"]
[EventType "blitz"]
[TimeControl "180"]

1. e4 e5 2. Nf3 Nf6 3. Nc3 Nc6 4. Nxe5 Nxe5 5. d4 Ng6 6. e5 Ng8 7. Bc4 Bb4 8.
Qf3 Qe7 9. O-O Bxc3 10. bxc3 Rb8 11. a4 d6 12. Re1 Be6 13. exd6 cxd6 14. d5 Nf6
15. dxe6 Ne5 16. Rxe5 dxe5 17. Ba3 Qc7 18. Bb5+ Kd8 19. Rd1+ Kc8 20. Bd7+ Nxd7
21. exd7+ Kd8 22. Qxf7 Qxc3 23. Qe7+ Kc7 24. d8=Q+ Kc6 25. Rd6# {Normal} 1-0

[Event "Rated Blitz game"]
[Site "?"]
[Date "2021.01.21"]
[Round "?"]
[White "Henry940622"]
[Black "macp1988"]
[Result "0-1"]
[ECO "C46"]
[WhiteElo "2351"]
[BlackElo "2463"]
[PlyCount "134"]
[EventDate "2021.??.??"]
[EventType "blitz"]
[TimeControl "180"]

1. e4 e5 2. Nf3 Nc6 3. Nc3 Nf6 4. Nxe5 Nxe5 5. d4 Nc6 6. d5 Bb4 7. dxc6 bxc6 8.
Bd3 O-O 9. O-O d5 10. exd5 cxd5 11. Bg5 c6 12. Qf3 Bd6 13. Bxf6 Qxf6 14. Qxf6
gxf6 15. Rad1 Be5 16. Na4 Rb8 17. b3 Re8 18. Rfe1 Bg4 19. f3 Be6 20. g3 c5 21.
f4 Bd4+ 22. Kg2 Bd7 23. c3 Be3 24. Nb2 Bg4 25. Be2 Bf5 26. Bf3 d4 27. Nc4 Bc2
28. Ra1 Rbd8 29. Bc6 Re7 30. Kf3 Rc8 31. Bd5 Rd8 32. Bc6 Rc7 33. Nxe3 dxe3 34.
Be4 Bxe4+ 35. Kxe4 Re7+ 36. Kf3 Rd3 37. Re2 Rxc3 38. Rae1 Kf8 39. Rxe3 Rexe3+
40. Rxe3 Rc2 41. Re2 Rc1 42. Ke4 Kg7 43. Kd3 Rd1+ 44. Kc4 Rd7 45. Kxc5 Rd1 46.
Kb5 Rd5+ 47. Ka6 Rd7 48. Re4 f5 49. Rb4 Kf6 50. Rb7 Rd2 51. Rxa7 Rxa2+ 52. Kb5
Rxh2 53. Rxf7+ Kxf7 54. Kc5 Rg2 55. b4 Rxg3 56. b5 Rb3 57. b6 h5 58. Kc6 h4 59.
Kc7 h3 60. b7 h2 61. b8=Q Rxb8 62. Kxb8 h1=Q 63. Kc7 Qe4 64. Kd6 Qxf4+ 65. Kc5
Qe4 66. Kb5 f4 67. Kc5 f3 {Time forfeit} 0-1

[Event "Rated Blitz game"]
[Site "?"]
[Date "2021.01.21"]
[Round "?"]
[White "GoughPhar"]
[Black "ferdinand122"]
[Result "0-1"]
[ECO "C46"]
[WhiteElo "2343"]
[BlackElo "2403"]
[PlyCount "146"]
[EventDate "2021.??.??"]
[EventType "blitz"]
[TimeControl "180"]

1. e4 e5 2. Nf3 Nf6 3. Nc3 Nc6 4. Nxe5 Nxe5 5. d4 Ng6 6. e5 Ng8 7. Bc4 d6 8.
Qf3 Be6 9. Qxb7 dxe5 10. Bb5+ Bd7 11. Bxd7+ Kxd7 12. Be3 Bd6 13. O-O-O Nf6 14.
Nb5 Rb8 15. Qa6 Ke7 16. dxe5 Nxe5 17. Bf4 Rb6 18. Qa4 Qb8 19. Nxd6 cxd6 20.
Bxe5 dxe5 21. Rhe1 Rd8 22. Qa3+ Ke8 23. Rxd8+ Qxd8 24. Rxe5+ Re6 25. Qa4+ Qd7
26. Rxe6+ fxe6 27. Qb4 Nd5 28. Qb8+ Kf7 29. Qg3 Qc7 30. Qf3+ Qf4+ 31. Qxf4+
Nxf4 32. g3 Nh3 33. f4 Kf6 34. c4 e5 35. fxe5+ Kxe5 36. b4 Kd4 37. c5 Ng5 38.
Kc2 Kc4 39. a3 Ne6 40. Kb2 a5 41. bxa5 Nxc5 42. Kc2 Kb5 43. Kc3 Kxa5 44. Kd4
Nd7 45. Kd5 Kb6 46. Ke6 g6 47. Kf7 Ne5+ 48. Ke6 Ng4 49. Kf7 Nxh2 50. Kg7 g5 51.
Kxh7 g4 52. Kg6 Ka5 53. Kg5 Ka4 54. Kh4 Kxa3 55. Kg5 Kb4 56. Kf4 Kc3 57. Ke3
Kc4 58. Kf2 Nf3 59. Kg2 Kd4 60. Kf2 Kd3 61. Kg2 Ke3 62. Kh1 Ke2 63. Kg2 Ke1 64.
Kh1 Ke2 65. Kg2 Ne5 66. Kh1 Ke3 67. Kg2 Ke4 68. Kh1 Kf3 69. Kh2 Kf2 70. Kh1
Kxg3 71. Kg1 Kh3 72. Kf1 g3 73. Ke2 g2 {Time forfeit} 0-1

[Event "Rated Blitz tournament mSO7xA17"]
[Site "?"]
[Date "2021.01.21"]
[Round "?"]
[White "Starinov"]
[Black "Augustine7"]
[Result "1-0"]
[ECO "C46"]
[WhiteElo "2403"]
[BlackElo "2306"]
[PlyCount "137"]
[EventDate "2021.??.??"]
[EventType "blitz"]
[TimeControl "180"]

1. e4 e5 2. Nf3 Nc6 3. Nc3 Nf6 4. Nxe5 Nxe5 5. d4 Nc6 6. d5 Nb8 7. e5 Ng8 8. d6
c6 9. Bc4 b5 10. Bb3 a5 11. Qf3 f6 12. Nxb5 Na6 13. O-O Qb6 14. a4 Bb7 15. Be3
cxb5 16. Bxb6 Bxf3 17. gxf3 fxe5 18. axb5 Nb8 19. Bd5 Bxd6 20. Bxa8 Nf6 21.
Rxa5 O-O 22. Rd1 Be7 23. Bc7 d6 24. b6 Nbd7 25. Bc6 Rc8 26. Rda1 Nxb6 27. Bxb6
Rxc6 28. Be3 Rxc2 29. Ra7 Nd5 30. b4 Bh4 31. Rb7 h6 32. Ra8+ Kh7 33. Raa7 Bf6
34. b5 Nxe3 35. fxe3 d5 36. Rf7 Kg6 37. Rfd7 d4 38. exd4 exd4 39. b6 Rb2 40.
Rd6 d3 41. b7 d2 42. Rxd2 Rxd2 43. b8=Q Bd4+ 44. Kf1 Bxa7 45. Qxa7 Rd6 46. Kf2
Rf6 47. Kg3 Rf7 48. Qb6+ Rf6 49. Qd4 Rf7 50. f4 Rf6 51. h4 h5 52. Qe5 Kh7 53.
Qxh5+ Rh6 54. Qf5+ Kg8 55. h5 Rf6 56. Qg5 Rf7 57. Kg4 Rf6 58. f5 Rf7 59. Qg6
Rf6 60. Kg5 Rxg6+ 61. Kxg6 Kh8 62. h6 gxh6 63. Kf7 h5 64. f6 h4 65. Ke7 h3 66.
f7 h2 67. f8=Q+ Kh7 68. Kf6 h1=Q 69. Qg7# {Normal} 1-0

[Event "Rated Blitz game"]
[Site "?"]
[Date "2021.01.21"]
[Round "?"]
[White "Henry940622"]
[Black "valenteramoz"]
[Result "0-1"]
[ECO "C46"]
[WhiteElo "2342"]
[BlackElo "2410"]
[PlyCount "150"]
[EventDate "2021.??.??"]
[EventType "blitz"]
[TimeControl "180"]

1. e4 e5 2. Nf3 Nc6 3. Nc3 Nf6 4. Nxe5 Nxe5 5. d4 Ng6 6. e5 Ng8 7. Bc4 c6 8.
Qf3 f5 9. O-O d5 10. exd6 Bxd6 11. Re1+ N8e7 12. Bg5 Qc7 13. h3 Bd7 14. d5
O-O-O 15. Rad1 h6 16. Bxe7 Nxe7 17. a4 Kb8 18. b4 Bxb4 19. d6 Bxd6 20. Rb1 g5
21. a5 Qxa5 22. Ra1 Qc7 23. Reb1 Bc5 24. Na4 Bd4 25. c3 Bb6 26. Nxb6 axb6 27.
Qe2 Qd6 28. Rd1 Qc5 29. Qa2 Kc7 30. Be6 Bxe6 31. Qxe6 Rxd1+ 32. Rxd1 Rd8 33.
Re1 Rd7 34. Qxh6 g4 35. Qf4+ Qd6 36. Qe3 gxh3 37. Qxh3 Nd5 38. c4 Re7 39. Rd1
Nf4 40. Qf3 Ne2+ 41. Qxe2 Rxe2 42. Rxd6 Kxd6 43. Kf1 Rc2 44. g3 Rxc4 45. Kg2 f4
46. Kf3 fxg3 47. Kxg3 Rc3+ 48. Kg4 Rc2 49. f4 Rf2 50. Kg5 Rxf4 51. Kxf4 Kd5 52.
Ke3 Kc4 53. Kd2 b5 54. Kc2 Kb4 55. Kb2 Ka4 56. Ka2 b4 57. Kb2 Kb5 58. Ka2 c5
59. Kb2 c4 60. Kc2 c3 61. Kb3 Kc5 62. Kc2 Kc4 63. Kd1 b3 64. Ke2 c2 65. Ke3 Kb4
66. Ke4 Ka3 67. Ke5 c1=Q 68. Kd4 b2 69. Kd5 b1=Q 70. Kd6 Qbb2 71. Kd7 Qbd2+ 72.
Ke6 Qce1+ 73. Kf5 Qdf2+ 74. Kg4 Qeg1+ 75. Kh3 Qfh2# {Normal} 0-1

[Event "Rated Blitz tournament mSO7xA17"]
[Site "?"]
[Date "2021.01.21"]
[Round "?"]
[White "Starinov"]
[Black "Augustine7"]
[Result "1-0"]
[ECO "C46"]
[WhiteElo "2407"]
[BlackElo "2304"]
[PlyCount "67"]
[EventDate "2021.??.??"]
[EventType "blitz"]
[TimeControl "180"]

1. e4 e5 2. Nf3 Nc6 3. Nc3 Nf6 4. Nxe5 Nxe5 5. d4 Ng6 6. e5 Ng8 7. Bc4 d6 8.
Qf3 f6 9. O-O dxe5 10. dxe5 Nxe5 11. Re1 Bd6 12. Bf4 Ne7 13. Bxe5 fxe5 14. Qf7+
Kd7 15. Be6+ Kc6 16. Bb3 b5 17. Qf3+ Kb6 18. Qxa8 Bb7 19. Qxd8 Rxd8 20. Rad1
Rf8 21. Nd5+ Bxd5 22. Bxd5 g5 23. f3 Nf5 24. c3 h5 25. Be4 Ne7 26. b4 a5 27. a3
axb4 28. axb4 Rf6 29. h3 Rf4 30. g3 Rf7 31. Kg2 Rg7 32. Ra1 Rf7 33. Ra8 g4 34.
Rb8+ {Normal} 1-0

[Event "Rated Blitz game"]
[Site "?"]
[Date "2021.01.21"]
[Round "?"]
[White "Koningsveld"]
[Black "RMusil"]
[Result "0-1"]
[ECO "C46"]
[WhiteElo "2362"]
[BlackElo "2501"]
[PlyCount "74"]
[EventDate "2021.??.??"]
[EventType "blitz"]
[TimeControl "180+2"]

1. e4 e5 2. Nf3 Nc6 3. Nc3 Nf6 4. Nxe5 Nxe5 5. d4 Bb4 6. dxe5 Nxe4 7. Qg4 d5 8.
Qxg7 Rf8 9. Bd3 Nxc3 10. Bd2 Nxa2 11. c3 Bc5 12. Rxa2 Qh4 13. O-O Qg4 14. Qxg4
Bxg4 15. Bxh7 Rh8 16. Bd3 Rh5 17. h3 Be6 18. b4 Bb6 19. Kh2 Rxe5 20. f4 Rh5 21.
f5 Bd7 22. Re1+ Kf8 23. g4 Rh7 24. f6 Rh8 25. Kg3 Re8 26. Rxe8+ Kxe8 27. Bf4
Be6 28. Re2 Kd7 29. Bb5+ c6 30. Bd3 a5 31. Be3 Bxe3 32. Rxe3 a4 33. b5 a3 34.
bxc6+ Kxc6 35. Re2 d4 36. c4 Kc5 37. Ra2 Kb4 {Normal} 0-1

[Event "Rated Blitz game"]
[Site "?"]
[Date "2021.01.20"]
[Round "?"]
[White "viniciustine"]
[Black "Quillotamaster"]
[Result "1-0"]
[ECO "C46"]
[WhiteElo "2371"]
[BlackElo "2464"]
[PlyCount "53"]
[EventDate "2021.??.??"]
[EventType "blitz"]
[TimeControl "180"]

1. e4 e5 2. Nf3 Nc6 3. Nc3 Nf6 4. Nxe5 Nxe5 5. d4 Ng6 6. e5 Ng8 7. Bc4 d5 8.
Bxd5 c6 9. Bb3 Bb4 10. Qf3 Be6 11. Bxe6 fxe6 12. O-O Qxd4 13. Qh3 Qd7 14. Rd1
Qf7 15. Ne4 h6 16. Bd2 Be7 17. f4 O-O-O 18. Be3 Nxf4 19. Bxf4 Qxf4 20. Qxe6+
Kc7 21. Nd6 Bxd6 22. exd6+ Rxd6 23. Qe8 Kb6 24. c4 Rf6 25. Qd8+ Ka6 26. b4 Qxc4
27. Qa5# {Normal} 1-0

[Event "Rated Blitz game"]
[Site "?"]
[Date "2021.01.20"]
[Round "?"]
[White "Obi_Wan_Benoni"]
[Black "AdamTaylor2301"]
[Result "1-0"]
[ECO "C46"]
[WhiteElo "2379"]
[BlackElo "2427"]
[PlyCount "99"]
[EventDate "2021.??.??"]
[EventType "blitz"]
[TimeControl "180"]

1. e4 e5 2. Nf3 Nc6 3. Nc3 Nf6 4. Nxe5 Nxe5 5. d4 Nc6 6. d5 Bb4 7. dxc6 Nxe4 8.
Qd4 Qe7 9. Be3 dxc6 10. Qxg7 Rf8 11. Bd3 Nxc3 12. bxc3 Bc5 13. O-O Bxe3 14.
Rfe1 Bxf2+ 15. Kxf2 Be6 16. Qd4 c5 17. Qe4 O-O-O 18. Ba6 Qf6+ 19. Kg1 Bd5 20.
Qg4+ Be6 21. Qe4 bxa6 22. Qa8+ Kd7 23. Qxa7 Qxc3 24. Rad1+ Ke7 25. Qxc7+ Kf6
26. Rf1+ Kg7 27. Rxd8 Qe3+ 28. Kh1 Rxd8 29. Qxd8 Bc4 30. Qf6+ Kg8 31. Rd1 Qe8
32. h4 Be6 33. Rd8 Kf8 34. h5 c4 35. h6 c3 36. Qh8+ Ke7 37. Qxe8+ Kf6 38. Rd3
Kg5 39. Rxc3 Bf5 40. Qe7+ Kf4 41. Qh4+ Ke5 42. Re3+ Kd6 43. Qd4+ Kc7 44. Rc3+
Kb7 45. Qd5+ Ka7 46. Qxf5 Kb6 47. Qc5+ Kb7 48. Rb3+ Ka8 49. Qb6 a5 50. Qb7# {
Normal} 1-0

[Event "Rated Blitz game"]
[Site "?"]
[Date "2021.01.20"]
[Round "?"]
[White "FallschirmSpringer"]
[Black "artem-us"]
[Result "0-1"]
[ECO "C46"]
[WhiteElo "2493"]
[BlackElo "2431"]
[PlyCount "54"]
[EventDate "2021.??.??"]
[EventType "blitz"]
[TimeControl "180"]

1. e4 e5 2. Nf3 Nc6 3. Nc3 Nf6 4. Nxe5 Nxe5 5. d4 Ng6 6. e5 Ng8 7. Bc4 d6 8.
Qf3 Be6 9. Qxb7 Bxc4 10. Qc6+ Ke7 11. Qxc4 Rc8 12. O-O c6 13. exd6+ Qxd6 14.
Re1+ Kd8 15. Qxf7 Be7 16. Ne4 Qd5 17. Qxg7 Rc7 18. Bf4 Bd6 19. Bg5+ Kc8 20.
Nxd6+ Qxd6 21. Re8+ Kb7 22. Rxg8 Rxg7 23. Rxg7+ Ka6 24. Re1 Qxd4 25. Be3 Qxg7
26. c3 Rb8 27. b4 Qxc3 {Time forfeit} 0-1

[Event "Rated Blitz game"]
[Site "?"]
[Date "2021.01.20"]
[Round "?"]
[White "highway_star"]
[Black "idvidal"]
[Result "1-0"]
[ECO "C46"]
[WhiteElo "2398"]
[BlackElo "2495"]
[PlyCount "56"]
[EventDate "2021.??.??"]
[EventType "blitz"]
[TimeControl "180"]

1. e4 e5 2. Nf3 Nc6 3. Nc3 Nf6 4. Nxe5 Nxe5 5. d4 Bb4 6. dxe5 Nxe4 7. Qg4 d5 8.
Qxg7 Rf8 9. Bh6 Bf5 10. a3 Bc5 11. Nxe4 Bxe4 12. Bd3 Bxd3 13. cxd3 Qh4 14. O-O
O-O-O 15. Bg5 Qg4 16. h3 Qg3 17. Qf6 Rg8 18. h4 Qxd3 19. Rac1 Bb6 20. Qxf7 Rdf8
21. Qe6+ Kb8 22. Rcd1 Bxf2+ 23. Kh1 Qg3 24. Qxd5 h6 25. Rd3 Qg4 26. Rxf2 hxg5
27. Rxf8+ Rxf8 28. Qd8+ Rxd8 {Normal} 1-0

[Event "Rated Rapid tournament BKWWLJ0j"]
[Site "?"]
[Date "2021.01.20"]
[Round "?"]
[White "slowchess2021"]
[Black "BlackPanterOne"]
[Result "1/2-1/2"]
[ECO "C46"]
[WhiteElo "2416"]
[BlackElo "2408"]
[PlyCount "67"]
[EventDate "2021.??.??"]
[EventType "rapid"]
[TimeControl "600"]

1. e4 e5 2. Nf3 Nc6 3. Nc3 Nf6 4. Nxe5 Nxe5 5. d4 Ng6 6. e5 Ng8 7. Bc4 d5 8.
Nxd5 Be6 9. Ne3 Bxc4 10. Nxc4 c5 11. Qf3 cxd4 12. Qxb7 Rc8 13. O-O Qc7 14. Qxc7
Rxc7 15. b3 Bc5 16. Bb2 N8e7 17. Rfd1 Rd7 18. Nd6+ Bxd6 19. exd6 Rxd6 20. Bxd4
f6 21. Bxa7 Rxd1+ 22. Rxd1 O-O 23. a4 Rc8 24. Rd2 Ne5 25. f3 Kf7 26. Kf2 h5 27.
c4 N7c6 28. Bb6 g5 29. a5 Ra8 30. g3 Nb4 31. Rd1 Ke6 32. h3 Nec6 33. Re1+ Kf7
34. Ra1 {Normal} 1/2-1/2

[Event "Rated Blitz game"]
[Site "?"]
[Date "2021.01.19"]
[Round "?"]
[White "Rauchbach"]
[Black "AMR25"]
[Result "0-1"]
[ECO "C46"]
[WhiteElo "2338"]
[BlackElo "2420"]
[PlyCount "76"]
[EventDate "2021.??.??"]
[EventType "blitz"]
[TimeControl "180"]

1. e4 e5 2. Nf3 Nc6 3. Nc3 Nf6 4. Nxe5 Nxe5 5. d4 Nc6 6. d5 Be7 7. dxc6 dxc6 8.
Qxd8+ Bxd8 9. Bc4 O-O 10. O-O Re8 11. f3 a5 12. a4 Be7 13. Bf4 Bc5+ 14. Kh1 Bb6
15. Rfd1 Nh5 16. Bg5 h6 17. Bh4 g5 18. Be1 Nf4 19. Ne2 Nxe2 20. Bxe2 Be6 21.
Bc3 Kf8 22. g3 Ke7 23. Kg2 Red8 24. f4 gxf4 25. gxf4 f5 26. Kf3 fxe4+ 27. Kxe4
Bd5+ 28. Kf5 Rf8+ 29. Kg4 Rg8+ 30. Kh5 Be3 31. Be5 Raf8 32. Rxd5 cxd5 33. Bd3
Bxf4 34. Bc3 Rg5+ 35. Kh4 Bxh2 36. Re1+ Kd6 37. Bxa5 Be5 38. Bd2 Bg3+ {Normal}
0-1

[Event "Rated Blitz game"]
[Site "?"]
[Date "2021.01.19"]
[Round "?"]
[White "Henry940622"]
[Black "MasterOffPuppets"]
[Result "0-1"]
[ECO "C46"]
[WhiteElo "2362"]
[BlackElo "2452"]
[PlyCount "88"]
[EventDate "2021.??.??"]
[EventType "blitz"]
[TimeControl "180"]

1. e4 e5 2. Nf3 Nc6 3. Nc3 Nf6 4. Nxe5 Nxe5 5. d4 Nc6 6. d5 Ne5 7. f4 Bd6 8.
fxe5 Bxe5 9. Bd3 d6 10. Be3 Ng4 11. Qd2 Qh4+ 12. Kd1 Nxe3+ 13. Qxe3 O-O 14. g3
Qe7 15. Kd2 c5 16. Raf1 a6 17. Kc1 b5 18. Be2 Bd7 19. h4 c4 20. Nd1 Rfc8 21. g4
b4 22. Kb1 a5 23. g5 a4 24. h5 c3 25. g6 fxg6 26. hxg6 h6 27. Qf3 Rf8 28. Qh5
cxb2 29. Nxb2 b3 30. cxb3 axb3 31. axb3 Rab8 32. Bc4 Bb5 33. Rf7 Rxf7 34. gxf7+
Qxf7 35. Qxf7+ Kxf7 36. Bxb5 Rxb5 37. Kc2 Bxb2 38. Kxb2 Rb4 39. Re1 Kf6 40. Kc3
Rb8 41. b4 Ke5 42. Kc4 g5 43. b5 h5 44. Kb4 h4 {Time forfeit} 0-1

[Event "Rated Blitz game"]
[Site "?"]
[Date "2021.01.19"]
[Round "?"]
[White "Koningsveld"]
[Black "DoctorTancredi"]
[Result "1-0"]
[ECO "C46"]
[WhiteElo "2360"]
[BlackElo "2414"]
[PlyCount "35"]
[EventDate "2021.??.??"]
[EventType "blitz"]
[TimeControl "180+2"]

1. e4 e5 2. Nf3 Nf6 3. Nc3 Nc6 4. Nxe5 Nxe5 5. d4 Ng6 6. e5 Ng8 7. Qf3 Nh4 8.
Qe4 Bb4 9. Bd3 Nh6 10. O-O c6 11. a3 Be7 12. d5 Ng6 13. d6 Bg5 14. f4 Bh4 15.
g3 Be7 16. dxe7 Qxe7 17. f5 Nxe5 18. f6 {Normal} 1-0

[Event "Rated Blitz game"]
[Site "?"]
[Date "2021.01.19"]
[Round "?"]
[White "forbiddencheapos"]
[Black "purepecha1"]
[Result "1-0"]
[ECO "C46"]
[WhiteElo "2315"]
[BlackElo "2418"]
[PlyCount "135"]
[EventDate "2021.??.??"]
[EventType "blitz"]
[TimeControl "300"]

1. e4 e5 2. Nf3 Nc6 3. Nc3 Nf6 4. Nxe5 Nxe5 5. d4 Ng6 6. e5 Ng8 7. Bc4 c6 8.
Qf3 d5 9. exd6 Qf6 10. Qe2+ Be6 11. d5 cxd5 12. Nxd5 Qe5 13. Nc7+ Kd8 14. Bxe6
fxe6 15. Qxe5 Nxe5 16. Nxa8 Bxd6 17. Be3 b6 18. O-O-O Ke7 19. Rhe1 Nf6 20. Rxd6
Kxd6 21. Bf4 Nfd7 22. Nc7 Kxc7 23. Bxe5+ Nxe5 24. Rxe5 Kd6 25. f4 Rf8 26. g3
Rc8 27. Kd2 Rc4 28. c3 h6 29. h4 a6 30. b3 Rc7 31. Kd3 Rd7 32. Re4 Ke7+ 33. Rd4
Rc7 34. c4 a5 35. Re4 Kd6 36. Re5 Rf7 37. Ke4 Rc7 38. Rb5 Rc6 39. h5 Kc7 40.
Ke5 Rd6 41. g4 Kd7 42. a4 Kc7 43. c5 bxc5 44. Rxc5+ Kd7 45. Rxa5 Rd3 46. Ra7+
Kc6 47. Ra6+ Kd7 48. Rb6 Re3+ 49. Kd4 Rg3 50. a5 Rxg4 51. Ke5 Rg1 52. Rb7+ Kc6
53. a6 Re1+ 54. Kd4 Ra1 55. b4 Ra4 56. Ke5 Ra1 57. b5+ Kc5 58. Kxe6 Re1+ 59.
Kf7 Re4 60. Kxg7 Rxf4 61. a7 Ra4 62. b6 Kc6 63. Rb8 Kd7 64. Kxh6 Ra6 65. Kg7
Ra2 66. h6 Rg2+ 67. Kh7 Rf2 68. a8=Q {Normal} 1-0